 Dungeon Crawl Stone Soup version 0.22-a0-848-ge9e22a0 (webtiles) character file.

24453 Amnesiac the Geomancer (level 12, -30/74 HPs)
             Began as a Mummy Earth Elementalist on July 27, 2018.
             Was a High Priest of Vehumet.
             Annihilated by Rupert
             ... wielding a +0 battleaxe of chopping
              (36 damage)
             ... on level 3 of the Lair of Beasts.
             The game lasted 00:29:38 (13993 turns).

Amnesiac the Geomancer (Mummy Earth Elementalist)  Turns: 13993, Time: 00:29:39

Health: -30/74     AC:  9    Str: 11    XL:     12   Next: 80%
Magic:  23/39      EV: 11    Int: 22    God:    Vehumet [*****.]
Gold:   1244       SH:  0    Dex: 13    Spells: 25/40 levels left

rFire    x . .     SeeInvis +   a - +6 whip (elec)
rCold    + . .     Gourm    .   (no shield)
rNeg     + + +     Faith    .   G - +0 troll leather armour
rPois    ∞         Spirit   .   p - +2 hat {Int+3}
rElec    .         Reflect  .   g - +0 cloak
rCorr    .         Harm     .   j - +0 pair of gloves
MR       +....                  m - +0 pair of boots
Stlth    ++........             c - amulet of magic regeneration
HPRegen  0.62/turn              x - ring of see invisible
MPRegen  0.51/turn              B - ring of magical power

@: no status effects
A: no food or potions, fire vulnerability, cold resistance 1, negative energy
resistance 3, torment resistance, unbreathing
a: Renounce Religion


You were on level 3 of the Lair of Beasts.
You worshipped Vehumet.
Vehumet was extremely pleased with you.
You were not hungry.

You visited 4 branches of the dungeon, and saw 16 of its levels.
You also visited: Ossuary.

You collected 1244 gold pieces.

Inventory:

Hand Weapons
 a - a +6 whip of electrocution (weapon)
 b - a +0 blowgun
 v - the +0 short sword of the Countless Seas {pierce, +Rage +Fly MR++ Stlth-}
   (You found it on level 1 of the Lair of Beasts)

   It inflicts extra damage upon your enemies.
   It affects your resistance to hostile enchantments.
   It lets you fly.
   It lets you go berserk.
   It makes you less stealthy.
Missiles
 o - 36 poisoned needles
 s - 273 stones (quivered)
Armour
 g - a +0 cloak (worn)
 j - a +0 pair of gloves (worn)
 m - a +0 pair of boots (worn)
 p - a +2 hat of intelligence (worn)
 F - the +1 scale mail of Fortification {Dex+2, unknown}
   (You found it on level 3 of the Lair of Beasts)

   It affects your dexterity (+2).
 G - a +0 troll leather armour (worn)
Jewellery
 c - an amulet of magic regeneration (around neck)
 x - a ring of see invisible (left hand)
 A - a +5 amulet of reflection
 B - a ring of magical power (right hand)
 J - an uncursed amulet of faith {unknown}
Wands
 h - a wand of polymorph (34)
 i - a wand of paralysis (17)
 q - a wand of clouds (7)
 t - a wand of digging (19)
 u - a wand of random effects (28)
 y - a wand of flame (35)
 C - a wand of enslavement (16)
 E - a wand of scattershot (5)
 I - a wand of acid (7)
Scrolls
 d - a scroll of vulnerability {!r}
 e - 4 scrolls of amnesia {!r}
 f - 2 scrolls of enchant weapon {!r}
 k - 3 scrolls of magic mapping {!r}
 l - 4 scrolls of enchant armour {!r}
 n - 6 scrolls of remove curse {!r}
 r - 2 scrolls of blinking {!r}
 w - 5 scrolls of fog {!r}
 z - 2 scrolls of identify {!r}
 D - a scroll of fear {!r}
 H - 3 scrolls of torment {!r}


   Skills:
 - Level 1.5 Dodging
 - Level 1.5 Stealth
 + Level 14.6 Spellcasting
 - Level 0.7 Transmutations
 * Level 14.6 Earth Magic


You had 25 spell levels left.
You knew the following spells:

 Your Spells              Type           Power        Failure   Level  Hunger
a - Sandblast             Erth           ######       0%          1    N/A
b - Passwall              Tmut/Erth      #####...     1%          2    N/A
c - Stone Arrow           Conj/Erth      #####.       1%          3    N/A
d - Lee's Rapid Deconstr  Erth           ######....   1%          5    N/A
e - Petrify               Tmut/Erth      #####...     2%          4    N/A

Your spell library contained the following spells:

 Spells                   Type           Power        Failure   Level  Hunger


Dungeon Overview and Level Annotations

Branches:
Dungeon (10/15)            Temple (1/1) D:5            Lair (4/6) D:9
    Orc (1/2) D:10
  Swamp: Lair:2-4    Shoals: Lair:2-4     Snake: Lair:2-4    Spider: Lair:2-4

Altars:
Ashenzari
Dithmenos
Elyvilon
Hepliaklqana
Kikubaaqudgha
Qazlal
Ru
Trog
Vehumet
Wu Jian
Yredelemnul
Zin

Shops:
D:8 *

Annotations:
Lair:1 1 runed door, Otolel's ghost, journeyman MiFi
Lair:3 Rupert


Innate Abilities, Weirdness & Mutations

You do not eat or drink.
Your flesh is vulnerable to fire.
You are immune to poison.
Your flesh is cold resistant. (rC+)
You are immune to negative energy. (rN+++)
You are immune to unholy pain and torment.
You can survive without breathing.


Message History

The bolt of acid hits Rupert.
Rupert is splashed with acid.
The acid corrodes Rupert!
Rupert is lightly wounded.
Rupert is engulfed in blazing flames.
Drop what? 36/52 slots (_ for help) (? for menu, Esc to quit)
Okay, then.
Unknown command.
Casting: Passwall (safe; 1% risk of failure)
Confirm with . or Enter, or press ? or * to list all spells.
Aiming: Lee's Rapid Deconstruction (safe; 1% risk of failure)
Press: ? - help, Dir - move target cursor, p - Rupert A rock wall.
Okay, then.
Press: ? - help, v - describe, . - travel
Here: Rupert, wielding a battleaxe of chopping and wearing a scale mail (flame, moderately wounded, berserk, fast, unusually strong, covered in acid)
The floor.
Rupert is engulfed in blazing flames.
Rupert hits you with a battleaxe of chopping.
Casting: Lee's Rapid Deconstruction (safe; 1% risk of failure)
Confirm with . or Enter, or press ? or * to list all spells.
Aiming: Lee's Rapid Deconstruction (safe; 1% risk of failure)
Press: ? - help, Dir - move target cursor, p - Rupert A rock wall.
The wall shatters!
The blast of rock fragments hits Rupert.
Rupert is heavily wounded.
Rupert hits you with a battleaxe of chopping.
The swamp worm is engulfed in blazing flames.
Casting: Lee's Rapid Deconstruction (safe; 1% risk of failure)
Confirm with . or Enter, or press ? or * to list all spells.
Aiming: Lee's Rapid Deconstruction (safe; 1% risk of failure)
Press: ? - help, Dir - move target cursor A rock wall.
The wall shatters!
The blast of rock fragments hits Rupert.
Rupert is heavily wounded.
Rupert hits you with a battleaxe of chopping!!
The swamp worm is engulfed in blazing flames.
Casting: Lee's Rapid Deconstruction (safe; 1% risk of failure)
Confirm with . or Enter, or press ? or * to list all spells.
Aiming: Lee's Rapid Deconstruction (safe; 1% risk of failure)
Press: ? - help, Dir - move target cursor A rock wall.
The wall shatters!
The blast of rock fragments hits Rupert.
Rupert is severely wounded.
Rupert is no longer covered in acid.
Rupert hits you with a battleaxe of chopping!!
* * * LOW HITPOINT WARNING * * *
x2 The swamp worm is engulfed in blazing flames.
Casting: Lee's Rapid Deconstruction (safe; 1% risk of failure)
Confirm with . or Enter, or press ? or * to list all spells.
Aiming: Lee's Rapid Deconstruction (safe; 1% risk of failure)
Press: ? - help, Dir - move target cursor A rock wall.
The wall shatters!
The blast of rock fragments hits the swamp worm.
You kill the swamp worm!
Vehumet accepts your kill.
You feel your power returning.
The blast of rock fragments hits Rupert.
Rupert is severely wounded.
Rupert hits you with a battleaxe of chopping!!!
You die...

....# #..##.####.####.....# .8.##
#.. #.. #.# #...#P## ...## #.
##.## #.#####.### # ....####
##.)P# #..# #.## # .......###...#
###.####+.## # ###.....##..#
#...##.....#
..##........####...##.....#######
..P##.....§§#§#.#.PP......'...##.
..##.###..§§§§§@@...+............
..+.w@.######§###...#..)..####P#.
...#...# #.#####P.#........# ####
..###..###..# ##.##P.....P#
.>##..##P..## #..##..+#.P#
P.##.......# ##..###..####
P###...#...#####...###...##
.#..#.##..P.#P##..###>....###
.+.....#..%)......##........####


You could see Rupert (berserk).

Vanquished Creatures
  Gastronok (D:8)
  Harold (Lair:2)
  3 hydras
  Fannar (Orc:1)
  A two-headed ogre (D:8)
  Nergalle (Lair:1)
  An unseen horror (D:10)
  Pikel (D:6)
  Maurice (D:9)
  A black mamba (Lair:2)
  3 spiny frogs
  A rime drake (Lair:4)
  4 komodo dragons
  2 trolls (D:10)
  14 blink frogs
  4 hippogriffs
  A spriggan (D:7)
  A shadow (D:7)
  10 yaks
  A hungry ghost (D:9)
  2 steam dragons (D:10)
  Menkaure (D:6)
  A swamp worm (Lair:3)
  8 water moccasins
  3 porcupines
  3 orc warriors
  3 sky beasts
  2 necrophages
  An eye of draining (D:10)
  3 slaves (D:6)
  2 black bears
  4 ice beasts
  5 ogres
  8 wolves
  8 centaurs
  3 crocodiles
  15 bullfrogs
  3 big kobolds
  A water moccasin skeleton (D:9)
  4 scorpions
  9 killer bees
  A wight (D:7)
  2 howler monkeys (D:8)
  A jelly (D:9)
  6 crimson imps
  A centaur zombie (D:9)
  3 quasits
  A bullfrog zombie (D:7)
  A centaur skeleton (D:8)
  3 bullfrog skeletons
  A human zombie (Ossuary)
  7 hounds
  8 orc priests
  Crazy Yiuf (D:5)
  Ijyb (D:5)
  5 iguanas
  4 orc wizards
  8 worker ants
  2 big kobold zombies (Ossuary)
  A hound zombie (D:8)
  A hound skeleton (D:6)
  2 mummies (Ossuary)
  2 worker ant zombies
  12 adders
  A howler monkey skeleton (D:7)
  5 shadow imps
  2 oozes (D:5)
  An adder zombie (D:9)
  3 adder skeletons
  A worm (D:3)
  A dart slug (D:2)
  4 leopard geckos
  44 orcs
  5 bats
  2 giant cockroaches
  A gnoll zombie (Ossuary)
  3 goblins
  4 hobgoblins
  9 jackals
  4 quokkas
  3 frilled lizards
  3 goblin zombies (Ossuary)
  2 hobgoblin zombies (Ossuary)
  20 kobolds
  5 orc zombies (Ossuary)
  A quokka skeleton (D:4)
  4 rats
  A fungus (Lair:3)
345 creatures vanquished.

Vanquished Creatures (others)
  2 fungi (Lair:3)
2 creatures vanquished.

Grand Total: 347 creatures vanquished

Notes
Turn   | Place    | Note
-------+----------+-------------------------------------------
     0 | D:1      | Amnesiac the Mummy Earth Elementalist began the quest for the Orb.
     0 | D:1      | Reached XP level 1. HP: 13/13 MP: 4/4
    84 | D:3      | Noticed a water elemental
    86 | D:3      | Found a stormy altar of Qazlal.
    87 | D:3      | Noticed an earth elemental
    87 | D:3      | Noticed an air elemental
    87 | D:3      | Noticed a fire elemental
   103 | D:3      | Reached XP level 2. HP: 19/19 MP: 2/5
   107 | D:3      | Learned a level 2 spell: Passwall
   197 | D:5      | Entered Level 5 of the Dungeon
   277 | D:5      | Found a shattered altar of Ashenzari.
   287 | D:5      | Noticed a scorpion
   336 | D:5      | Noticed an ogre
   611 | D:4      | Reached XP level 3. HP: 6/24 MP: 1/7
  1172 | D:5      | Noticed Edmund
  1195 | D:5      | Found a runed door.
  1201 | D:5      | Reached XP level 4. HP: 25/30 MP: 3/9
  1208 | D:5      | Learned a level 3 spell: Stone Arrow
  1213 | D:5      | Learned a level 4 spell: Petrify
  1252 | D:5      | Noticed Crazy Yiuf
  1285 | D:5      | Killed Crazy Yiuf
  1390 | D:5      | Killed an ogre
  1390 | D:5      | Reached XP level 5. HP: 16/35 MP: 5/11
  1599 | D:5      | Reached XP level 6. HP: 13/41 MP: 0/13
  1832 | D:5      | Reached skill level 5 in Spellcasting
  1832 | D:5      | Reached skill level 5 in Earth Magic
  1982 | D:5      | Learned a level 5 spell: Lee's Rapid Deconstruction
  2034 | D:5      | Noticed Ijyb
  2405 | D:5      | Reached XP level 7. HP: 46/46 MP: 1/15
  2892 | D:5      | Found an ancient bone altar of Kikubaaqudgha.
  3117 | D:5      | Found a staircase to the Ecumenical Temple.
  3124 | Temple   | Entered the Ecumenical Temple
  3154 | Temple   | Became a worshipper of Vehumet
  3572 | D:2      | Found a sacrificial altar of Ru.
  5468 | D:3      | Reached * piety under Vehumet
  5468 | D:3      | Offered knowledge of Freeze by Vehumet.
  5645 | D:3      | Found a white marble altar of Elyvilon.
  5920 | D:4      | Noticed Edmund
  5920 | D:4      | Edmund changed into Edmund the killer bee
  5924 | D:4      | Killed Edmund the killer bee
  6174 | D:5      | Killed Ijyb
  6174 | D:5      | Reached XP level 8. HP: 51/52 MP: 1/18
  6386 | D:6      | Noticed Pikel
  6410 | D:6      | Killed Pikel
  6505 | D:6      | You fall through a shaft!
  6623 | D:7      | Found a sand-covered staircase.
  6628 | Ossuary  | Entered an ossuary
  7014 | D:6      | Reached XP level 9. HP: 57/57 MP: 11/21
  7048 | D:6      | Reached ** piety under Vehumet
  7126 | D:6      | Offered knowledge of Searing Ray by Vehumet.
  7481 | D:6      | Noticed Menkaure
  7493 | D:6      | Killed Menkaure
  8252 | D:7      | Offered knowledge of Throw Flame by Vehumet.
  8333 | D:7      | Reached skill level 10 in Spellcasting
  8333 | D:7      | Reached skill level 10 in Earth Magic
  8384 | D:7      | Reached *** piety under Vehumet
  8405 | D:7      | Reached XP level 10. HP: 59/63 MP: 24/24
  8411 | D:7      | Got an ancient leather armour
  8548 | D:7      | Identified the +3 leather armour "Wamoserr" {rC+ Slay+2} (You took it off an orc on level 7 of the Dungeon)
  8768 | D:8      | Noticed Gastronok
  9270 | D:8      | Killed Gastronok
  9412 | D:8      | Noticed a two-headed ogre
  9420 | D:8      | Killed a two-headed ogre
  9550 | D:8      | Found an ornate altar of the Wu Jian Council.
  9585 | D:8      | Found Pawn's General Store.
  9941 | D:9      | Offered knowledge of Ignite Poison by Vehumet.
 10076 | D:9      | Reached XP level 11. HP: 60/68 MP: 7/26
 10353 | D:9      | Reached **** piety under Vehumet
 10441 | D:9      | Found a staircase to the Lair.
 10443 | D:9      | Offered knowledge of Dazzling Spray by Vehumet.
 10794 | D:9      | Noticed Maurice
 10800 | D:9      | Killed Maurice
 10937 | D:9      | Found a hazy altar of Hepliaklqana.
 10937 | D:9      | Found a faded altar of an unknown god.
 10942 | D:9      | Found a bloodstained altar of Trog.
 10944 | D:9      | Found a shadowy altar of Dithmenos.
 10945 | D:9      | Found a faded altar of an unknown god.
 11044 | D:10     | Entered Level 10 of the Dungeon
 11413 | D:10     | Reached ***** piety under Vehumet
 11419 | D:10     | Offered knowledge of Iskenderun's Mystic Blast by Vehumet.
 11537 | D:10     | Noticed an unseen horror
 11539 | D:10     | Killed an unseen horror
 11799 | D:10     | Found a staircase to the Orcish Mines.
 11885 | Orc:1    | Entered Level 1 of the Orcish Mines
 11885 | Orc:1    | Noticed Fannar
 11893 | Orc:1    | Killed Fannar
 11896 | Orc:1    | Noticed an orc knight
 11972 | Lair:1   | Entered Level 1 of the Lair of Beasts
 11972 | Lair:1   | Noticed Nergalle
 11989 | Lair:1   | Killed Nergalle
 12050 | Lair:1   | Found a runed door.
 12067 | Lair:1   | Noticed Otolel's ghost (journeyman MiFi)
 12072 | Lair:1   | Got a pitted short sword
 12073 | Lair:1   | Identified the cursed +0 short sword of the Countless Seas {pierce, +Rage +Fly MR++ Stlth-} (You found it on level 1 of the Lair of Beasts)
 12191 | Lair:1   | Noticed an eight-headed hydra
 12211 | Lair:1   | Killed an eight-headed hydra
 12436 | Lair:1   | Reached XP level 12. HP: 74/74 MP: 29/29
 12683 | Lair:2   | Noticed Harold
 12703 | Lair:2   | Killed Harold
 13201 | Lair:3   | Noticed an eight-headed hydra
 13261 | Lair:3   | Killed an eight-headed hydra
 13422 | Lair:3   | Got a bloodstained scale mail
 13574 | Lair:3   | Noticed Rupert
 13582 | Lair:3   | Paralysed by Rupert for 6 turns
 13739 | Lair:4   | Found a basalt altar of Yredelemnul.
 13776 | Lair:4   | Noticed a seven-headed hydra
 13789 | Lair:4   | Killed a seven-headed hydra
 13993 | Lair:3   | Annihilated by Rupert

Vault maps used:
D:1:      saegor_arrival_simple_a
D:2:      nicolae_ru_sacrificial_ziggurat
D:3:      nicolae_qazlal_style_of_elements, lemuel_doored_altar, first_ration,
          amethyst_killhole
D:5:      kiku_gazebo_pond_becter, minmay_temple_entry_nine_rooms, basic_altar,
          kennysheep_generic_room_4, uniq_crazy_yiuf_cottage, uniq_edmund,
          uniq_ijyb
D:6:      uniq_pikel, uniq_menkaure
D:7:      kennysheep_windowed_halls, enter_ossuary_2, the_bakery
D:8:      old_standard_altar, serial_shops, shop, uniq_gastronok
D:9:      chequers_temple_overflow_minitemple, lair_entry_dummy,
          corner_web_ring, uniq_maurice
D:10:     orc_0_dummy
Temple:   regret_index_temple_generic_petals
Lair:1:   ebering_ghost_reflecting_pool, uniq_nergalle
Lair:2:   uniq_harold
Lair:3:   minmay_swamp_entry_worms, nicolae_spider_entry_non_spiders,
          serial_bayou_shore_a, grunt_megastairs_4, uniq_rupert
Lair:4:   basic_altar, lemuel_centaur_altar, uniq_josephine
Orc:1:    kennysheep_orc_chapel, uniq_fannar
Ossuary:  minmay_ossuary_gauntlet

Skill      XL: |  1  2  3  4  5  6  7  8  9 10 11 12 |
---------------+-------------------------------------+-----
Spellcasting   | 3 4 5 6 8 10 11 13 14 | 14.6
Earth Magic    | 3 4 5 6 8 10 11 13 14 | 14.6
Dodging        | |  1.5
Stealth        | |  1.5
Transmutations | |  0.7

Action                   |  1- 3 |  4- 6 |  7- 9 | 10-12 || total
-------------------------+-------+-------+-------+-------++-------
Melee: Quarterstaff      |       |    10 |    18 |       ||    28
       Whip              |       |       |   192 |   221 ||   413
       Short sword       |       |       |     4 |       ||     4
 Fire: Blowgun           |       |       |       |    26 ||    26
 Cast: Sandblast         |    30 |    22 |    37 |    57 ||   146
       Passwall          |     5 |       |       |     3 ||     8
       Stone Arrow       |       |    18 |    46 |       ||    64
       Lee's Rapid Decon |       |       |    21 |   187 ||   208
       Petrify           |       |       |     1 |    14 ||    15
Evoke: Wand              |       |       |     2 |    10 ||    12
  Use: Scroll            |     1 |       |    10 |     8 ||    19
 Stab: Sleeping          |       |       |     4 |       ||     4
       Petrified         |       |       |     1 |     9 ||    10
Armor: Robe              |       |     2 |    79 |       ||    81
       Leather armour    |       |       |       |   104 ||   104
       Troll leather arm |       |       |       |    35 ||    35
       Steam dragon scal |       |       |       |     5 ||     5
Dodge: Dodged            |    19 |     9 |   193 |   211 ||   432
Block: Other             |       |       |       |    11 ||    11

Table legend:
 A = Spawn XP
 B = Non-spawn XP
 C = Spawn XP percentage of total XP
 D = Spawn monster count
 E = Non-spawn monster count
 F = Spawn count percentage of total count
 G = Total turns spent on level
                    A         B        C        D         E        F      G
               +---------+---------+-------+---------+---------+-------+---------
         Total |       0 |   34934 |   0.0 |       0 |     341 |   0.0 | 13993
               +---------+---------+-------+---------+---------+-------+---------
           D:1 |       0 |      23 |   0.0 |       0 |      14 |   0.0 |   723
           D:2 |       0 |     376 |   0.0 |       0 |      18 |   0.0 |  1263
           D:3 |       0 |      57 |   0.0 |       0 |      10 |   0.0 |   863
           D:4 |       0 |     145 |   0.0 |       0 |      11 |   0.0 |  1075
           D:5 |       0 |     858 |   0.0 |       0 |      22 |   0.0 |  2485
           D:6 |       0 |    1810 |   0.0 |       0 |      19 |   0.0 |  1160
           D:7 |       0 |    2141 |   0.0 |       0 |      40 |   0.0 |  1033
           D:8 |       0 |    4430 |   0.0 |       0 |      30 |   0.0 |   980
           D:9 |       0 |    3486 |   0.0 |       0 |      54 |   0.0 |  1266
          D:10 |       0 |    2929 |   0.0 |       0 |      32 |   0.0 |   868
        Lair:1 |       0 |    4562 |   0.0 |       0 |      17 |   0.0 |   726
        Lair:2 |       0 |    3588 |   0.0 |       0 |      12 |   0.0 |   532
        Lair:3 |       0 |    5971 |   0.0 |       0 |      23 |   0.0 |   531
        Lair:4 |       0 |    3277 |   0.0 |       0 |      15 |   0.0 |   232
         Orc:1 |       0 |    1144 |   0.0 |       0 |       8 |   0.0 |    19
       Ossuary |       0 |     137 |   0.0 |       0 |      16 |   0.0 |   184
               +---------+---------+-------+---------+---------+-------+---------
